 Dungeon Crawl Stone Soup version 0.27-a0-681-g0c81a3c1c3 (webtiles) character file.

Game seed: 2492631127823943840

8246 robertstho the Cleaver (level 11, -3/103 HPs)
             Began as a Deep Dwarf Fighter on Mar 19, 2021.
             Was a Priest of Makhleb.
             Killed by vampiric draining
             ... invoked by a vampire
              (13 damage)
             ... on level 10 of the Dungeon.
             The game lasted 00:15:36 (7395 turns).

robertstho the Cleaver (Deep Dwarf Fighter)         Turns: 7395, Time: 00:15:36

Health: -3/103     AC: 18    Str: 24      XL:     11   Next: 7%
Magic:  3/3        EV: 10    Int:  8      God:    Makhleb [***...]
Gold:   43         SH: 16    Dex: 11 (12) Spells: 10/10 levels left

rFire    . . .     SeeInvis .   u - +0 falchion (holy)
rCold    . . .     Faith    .   c - +0 kite shield
rNeg     . . .     Spirit   .   d - +0 plate armour
rPois    .         Reflect  +   (no helmet)
rElec    .         Harm     .   (no cloak)
rCorr    +         Rampage  .   j - +1 pair of gloves
Will     +....                  f - +0 pair of boots
Stlth    ..........             x - amulet of reflection
HPRegen  0.00/turn              t - +4 ring of evasion
MPRegen  0.08/turn              s - ring of resist corrosion

@: non-regenerating
A: damage resistance, heal wounds, sense surroundings 2, no regeneration
a: Heal Wounds, Renounce Religion, Minor Destruction, Lesser Servant of Makhleb


You were on level 10 of the Dungeon.
You worshipped Makhleb.
Makhleb was most pleased with you.
You visited 2 branches of the dungeon, and saw 11 of its levels.

You collected 492 gold pieces.
You spent 449 gold pieces at shops.

Inventory:

Hand Weapons
 a - a +0 war axe
 u - a +0 falchion of holy wrath (weapon)
 y - a +0 hand axe of freezing
Armour
 c - a +0 kite shield (worn)
 d - a +0 plate armour (worn)
 f - a +0 pair of boots (worn)
 j - a +1 pair of gloves (worn)
Jewellery
 l - a ring of ice
 s - a ring of resist corrosion (left hand)
 t - a +4 ring of evasion (right hand)
 v - a +6 ring of dexterity
 x - an amulet of reflection (around neck)
Scrolls
 h - 3 scrolls of enchant armour
 n - a scroll of holy word
 o - a scroll of enchant weapon {unknown}
 p - a scroll of noise {unknown}
 q - a scroll of acquirement {unknown}
 B - a scroll of blinking
 C - a scroll of summoning
 D - a scroll of magic mapping
 E - a scroll of teleportation
Potions
 b - a potion of mutation
 e - 2 potions of lignification
 g - 2 potions of resistance {unknown}
 i - a potion of heal wounds
 k - 3 potions of curing
 m - a potion of cancellation
 r - 2 potions of haste
 z - a potion of might
Miscellaneous
 w - a condenser vane


   Skills:
 * Level 8.1 Fighting
 + Level 10.4 Axes
 * Level 9.8 Armour
 + Level 2.5 Dodging
 + Level 7.8 Shields
 * Level 6.0 Invocations


You had 10 spell levels left.
You didn't know any spells.
Your spell library contained the following spells:

 Spells                   Type           Power      Damage    Failure   Level
 Animate Skeleton         Necr           0%         N/A       100%        1
 Apportation              Tloc           0%         N/A       100%        1
 Corona                   Hex            0%         N/A       100%        1
 Summon Small Mammal      Summ           0%         N/A       100%        1
 Confusing Touch          Hex            0%         N/A       100%        3
 Gell's Gravitas          Tloc           0%         N/A       100%        3
 Petrify                  Tmut/Erth      0%         N/A       100%        4
 Metabolic Englaciation   Hex/Ice        0%         N/A       100%        5
 Yara's Violent Unravell  Hex/Tmut       0%         3d3       100%        5


Dungeon Overview and Level Annotations

Branches:
Dungeon (10/15)            Temple (1/1) D:5            Lair (0/6) D:8
    Orc (0/2) D:9

Altars:
Ashenzari
Cheibriados
Dithmenos
Elyvilon
Fedhas
Gozag
Hepliaklqana
Kikubaaqudgha
Makhleb
Nemelex Xobeh
Okawaru
Qazlal
Ru
Sif Muna
Trog
Uskayaw
Vehumet
Wu Jian
Xom
Yredelemnul
Zin
The Shining One

Shops:
D:2 =   D:5 [   D:10 ?*

Annotations:
D:8 Need flight for islands


Innate Abilities, Weirdness & Mutations

You are resistant to damage.
You can heal yourself by infusing magical energy.
You passively map the area around you.
You do not regenerate.


Message History

The vampire is heavily damaged.
You block the vampire's attack. The vampire bites you.
The vampire draws strength from your injuries!
You hit the vampire but do no damage.
The vampire is heavily damaged.
You block the vampire's attack. x2
You hit the vampire but do no damage.
The vampire is heavily damaged.
You hit the vampire. You freeze the vampire.
The vampire is severely damaged.
You block the vampire's attack. x2
Your +0 hand axe of freezing stops glowing.
Your +0 falchion of holy wrath softly glows with a divine radiance!
u - a +0 falchion of holy wrath (weapon)
The vampire hits you but does no damage.
You block the vampire's attack.
You hit the vampire.
The vampire convulses.
The vampire is almost destroyed.
The vampire draws life force from you!
* * * LOW HITPOINT WARNING * * *
The vampire is healed by the life force!
You hit the vampire.
The vampire convulses.
The vampire is severely damaged.
The vampire hits you.
* * * LOW HITPOINT WARNING * * *
The vampire bites you but does no damage.
The vampire gestures at you while chanting.
You resist with almost no effort.
You fail to use your ability.
The vampire draws life force from you!
* * * LOW HITPOINT WARNING * * *
The vampire is healed by the life force!
You hit the vampire.
The vampire convulses.
The vampire is severely damaged.
You block the vampire's attack. The vampire barely misses you.
You closely miss the vampire.
The vampire is severely damaged.
You block the vampire's attack.
The vampire bites you but does no damage.
The vampire draws life force from you!
You die...

####.# ,**
* , #.# *
*,$.∩... *
###.### *
....# *
#.....#
#.#.#
##.###.#, *
,,...# #
...# #.# **
#..#.#
.#.###.#
######..#.#
.#.....#
..........#
.####### **
#V@# * .#
#.†# .#
#..######
.#
#.......#
.#
#.#####.#
.# #.# #.#
.# ####.#
#.# .#
#....# #.#
.# #.####
#.#


You could see a vampire.

Vanquished Creatures
  Harold (D:9)
  A centaur warrior (D:9)
  A two-headed ogre (D:10)
  3 yaks (D:10)
  7 orc warriors
  6 sky beasts
  3 ogres
  2 black bears (D:7)
  3 ice beasts
  3 centaurs
  3 necrophages
  2 phantoms
  A kobold brigand (D:5)
  9 bullfrogs
  7 scorpions
  5 killer bees (D:8)
  4 wights (D:8)
  6 howler monkeys
  4 electric eels (D:8)
  A crimson imp (D:7)
  A bullfrog zombie (D:10)
  A centaur zombie (D:9)
  A jelly (D:8)
  2 quasits (D:10)
  A centaur skeleton (D:8)
  3 hounds
  5 orc priests
  3 iguanas
  2 bullfrog skeletons (D:8)
  13 orc wizards
  5 worker ants
  A hound zombie (D:9)
  A hound skeleton (D:9)
  2 worker ant zombies (D:5)
  A howler monkey skeleton (D:10)
  8 adders
  11 gnolls
  3 white imps
  An ufetubus (D:3)
  3 oozes
  An adder skeleton (D:5)
  3 worms
  3 dart slugs
  8 leopard geckos
  35 orcs
  5 giant cockroaches
  11 goblins
  8 hobgoblins
  20 jackals
  25 kobolds
  5 quokkas
  A ball python (D:8)
  4 bats
  8 frilled lizards
  A leopard gecko skeleton (D:4)
  8 rats
286 creatures vanquished.

Vanquished Creatures (others)
  2 kobolds (D:5)
  67 plants (D:5)
69 creatures vanquished.

Grand Total: 355 creatures vanquished

Notes
Turn   | Place    | Note
-------+----------+-------------------------------------------
     0 | D:1      | robertstho the Deep Dwarf Fighter began the quest for the
                  | Orb.
     0 | D:1      | Reached XP level 1. HP: 20/20 MP: 1/1
    53 | D:1      | Reached XP level 2. HP: 28/28 MP: 2/2
   552 | D:1      | Reached XP level 3. HP: 31/34 MP: 3/3
   734 | D:2      | Found a shimmering blue altar of Sif Muna.
   734 | D:2      | Found an opulent altar of Gozag.
   734 | D:2      | Found a stormy altar of Qazlal.
   774 | D:2      | Found a broken altar of Ashenzari.
   820 | D:2      | Found a glowing golden altar of the Shining One.
   850 | D:2      | Reached XP level 4. HP: 25/42 MP: 4/4
   858 | D:2      | Found Ucroygos's Jewellery Boutique.
  1371 | D:3      | Reached skill level 3 in Axes
  1385 | D:3      | Reached XP level 5. HP: 25/50 MP: 4/4
  1498 | D:3      | Found a shadowy altar of Dithmenos.
  1605 | D:3      | Found a glowing silver altar of Zin.
  2088 | D:4      | Noticed a phantom
  2099 | D:4      | Killed a phantom
  2100 | D:4      | Reached skill level 4 in Axes
  2100 | D:4      | Reached XP level 6. HP: 23/57 MP: 5/5
  2316 | D:4      | Reached skill level 1 in Dodging
  2418 | D:4      | Reached skill level 5 in Axes
  2725 | D:5      | Entered Level 5 of the Dungeon
  2733 | D:5      | Noticed a sky beast
  2746 | D:5      | Reached skill level 5 in Armour
  2746 | D:5      | Killed a sky beast
  2747 | D:5      | Reached XP level 7. HP: 66/66 MP: 5/5
  2864 | D:5      | Found a hide-covered altar of Uskayaw.
  2881 | D:5      | Found Resalef's Antique Armour Shop.
  2898 | D:5      | Reached skill level 6 in Axes
  2930 | D:5      | Reached skill level 5 in Fighting
  3005 | D:5      | Found a shimmering altar of Xom.
  3037 | D:5      | Found an iron altar of Okawaru.
  3087 | D:5      | Found a staircase to the Ecumenical Temple.
  3234 | D:5      | Found a sparkling altar of Nemelex Xobeh.
  3245 | D:5      | Reached XP level 8. HP: 61/74 MP: 5/5
  3273 | Temple   | Entered the Ecumenical Temple
  3969 | D:6      | Reached skill level 5 in Shields
  4425 | D:7      | Reached skill level 7 in Axes
  4630 | D:7      | Gained mutation: You passively map the area around you.
                  | [Deep Dwarf growth]
  4630 | D:7      | Reached XP level 9. HP: 61/82 MP: 4/4
  4650 | D:7      | Found a burning altar of Makhleb.
  4651 | D:7      | Found a shimmering altar of Xom.
  4830 | D:7      | Became a worshipper of Makhleb the Destroyer
  5071 | D:8      | Reached skill level 8 in Axes
  5071 | D:8      | Reached skill level 1 in Invocations
  5311 | D:8      | Reached * piety under Makhleb
  5349 | D:8      | Found a staircase to the Lair.
  5377 | D:8      | Found a basalt altar of Yredelemnul.
  5479 | D:8      | HP: 4/85 [orc warrior/+0 trident (14)]
  5758 | D:9      | Found a staircase to the Orcish Mines.
  5783 | D:9      | Reached skill level 9 in Axes
  6011 | D:9      | Reached XP level 10. HP: 56/94 MP: 3/3
  6053 | D:9      | Found a sacrificial altar of Ru.
  6124 | D:9      | Reached ** piety under Makhleb
  6483 | D:9      | Noticed a centaur warrior
  6504 | D:9      | Killed a centaur warrior
  6731 | D:9      | Noticed Harold
  6761 | D:9      | Killed Harold
  6762 | D:9      | Reached skill level 10 in Axes
  6762 | D:9      | Reached skill level 5 in Invocations
  6905 | D:10     | Entered Level 10 of the Dungeon
  6985 | D:10     | Noticed a two-headed ogre
  7007 | D:10     | Killed a two-headed ogre
  7134 | D:10     | Found Lacreess's Magic Scroll Shoppe.
  7138 | D:10     | Bought a scroll of random uselessness for 17 gold pieces
  7138 | D:10     | Bought a scroll of blinking for 127 gold pieces
  7138 | D:10     | Bought a scroll of summoning for 161 gold pieces
  7138 | D:10     | Bought a scroll of magic mapping for 59 gold pieces
  7138 | D:10     | Bought a scroll of teleportation for 51 gold pieces
  7138 | D:10     | Bought a scroll of identify for 34 gold pieces
  7288 | D:10     | Reached XP level 11. HP: 58/103 MP: 4/4
  7334 | D:10     | Reached *** piety under Makhleb
  7361 | D:10     | Found Komijekk's Lightly-Used Armoury.
  7395 | D:10     | Killed from afar by a vampire

Illustrated notes

Levels and vault maps discovered:
D:1:      nagdon_arrival_zigzag_paths, layout_loops_ring, hex_tiny, minivault_23
D:2:      layout_basic, overflow_temple_1_default,
          chequers_temple_overflow_statue_of_worship, serial_shops,
          nicolae_shop_waterfront
D:3:      layout_basic, zin_academy, nicolae_dithmenos_shadow_blocks,
          hex_intersection, mrwooster_statue_mirror
D:4:      layout_loops_cross, wad_orctagon
D:5:      kennysheep_kobold_camp, layout_cave_pools,
          nicolae_overflow_crystal_walls, kennysheep_mini_moat,
          minmay_temple_entry_enclosed_plants, basic_altar,
          cheibrodos_sewer_entry_bend, serial_shops, shop,
          nemelex_dance_club_becter
D:6:      layout_basic
D:7:      minmay_flawed_box, layout_rooms,
          grunt_temple_overflow_champion_of_chaos
D:8:      layout_rooms, lemuel_round_altar, water_boxes_lemuel
D:9:      cheibrodos_barr_body, layout_loops_corners,
          lemuel_coloured_pillars_altar, orc_0_dummy, uniq_harold
D:10:     layout_loops_ring, serial_shops, nicolae_shop_behind_doors,
          minmay_shop_damaged
Temple:   compressed_dpeg_triangle_lava_temple

Skill      XL: |  1  2  3  4  5  6  7  8  9 10 11 |
---------------+----------------------------------+-----
Fighting       | 3 4 5 6 7 8 |  8.1
Armour         | 4 5 7 8 9 |  9.8
Axes           | 3 4 5 6 7 9 10 | 10.4
Shields        | 4 5 6 7 |  7.8
Dodging        | 1 2 |  2.5
Invocations    | 3 5 6 |  6.0

Action                   |  1- 3 |  4- 6 |  7- 9 | 10-12 || total
-------------------------+-------+-------+-------+-------++-------
Melee: War axe           |   116 |   193 |   503 |   120 ||   932
       Hand axe          |       |       |       |   231 ||   231
       Falchion          |       |       |       |     4 ||     4
 Abil: Heal Wounds       |       |     6 |    22 |     7 ||    35
  Use: Scroll            |     3 |     5 |     3 |     3 ||    14
       Potion            |       |     1 |     2 |     3 ||     6
 Stab: Invisible         |       |       |     1 |       ||     1
Armor: Scale mail        |    64 |    90 |       |       ||   154
       Chain mail        |       |    38 |   279 |       ||   317
       Plate armour      |       |       |    28 |   162 ||   190
Dodge: Dodged            |    51 |    86 |   177 |   105 ||   419
Block: Kite shield       |    68 |   146 |   326 |   224 ||   764
       Reflection        |       |       |       |     2 ||     2

Table legend: (Time is in decaauts)
 A = Elapsed time spent in this place.
 B = Non-inter-level travel time spent in this place.
 C = Inter-level travel time spent in this place.
 D = Time resting spent in this place.
 E = Time spent auto-exploring this place.
 F = Levels seen in this place.
 G = Mean time per level.
                   A        B        C        D        E       F      G
               +--------+--------+--------+--------+--------+-----+--------+
         Total |   7736 |   7269 |    467 |      0 |   4808 |  11 |  703.3 |
       Dungeon |   7633 |   7182 |    451 |      0 |   4756 |  10 |  763.3 |
        Temple |    103 |     88 |     15 |      0 |     52 |   1 |  103.0 |
               +--------+--------+--------+--------+--------+-----+--------+

Top non-repeatable levels by time:
     D:9: 1247 daAuts
     D:5: 905 daAuts
     D:4: 783 daAuts
     D:3: 769 daAuts
     D:6: 721 daAuts
     D:7: 714 daAuts
     D:1: 693 daAuts
     D:8: 667 daAuts
     D:2: 649 daAuts
    D:10: 481 daAuts
  Temple: 103 daAuts
